 Dungeon Crawl Stone Soup version 0.27.0-1-g7a089689b8 (webtiles) character file.

Game seed: 14946407488940589801

104 avis the Insei (level 4, -1/29 HPs)
             Began as an Octopode Transmuter on Aug 14, 2021.
             Slain by Edmund (5 damage)
             ... on level 4 of the Dungeon.
             The game lasted 00:14:19 (3460 turns).

avis the Insei (Octopode Transmuter)                Turns: 3460, Time: 00:14:20

Health: -1/29      AC:  1    Str: 10    XL:     4   Next: 80%
Magic:  15/16      EV: 13    Int: 15    God:
Gold:   162        SH:  0    Dex: 12    Spells: 3/7 levels left

rFire    . . .     SeeInvis +   d - +0 short sword
rCold    . . .     Faith    .   (no shield)
rNeg     . . .     Spirit   .   (helmet restricted)
rPois    .         Reflect  .   (no amulet)
rElec    .         Harm     .   b - ring of magical power
rCorr    .         Rampage  .   r - ring of see invisible
Will     .....                  (no ring)
Stlth    +++.......             (no ring)
HPRegen  0.09/turn              (no ring)
MPRegen  0.15/turn              (no ring)
                                (no ring)
                                (no ring)

@: no status effects
A: almost no armour, amphibious, 8 rings, camouflage 1, gelatinous body 1,
(nimble swimmer 1), tentacles
a: no special abilities


You were on level 4 of the Dungeon.
You visited 1 branch of the dungeon, and saw 4 of its levels.

You collected 162 gold pieces.

Inventory:

Hand Weapons
 d - a +0 short sword (weapon)
Missiles
 a - 182 stones
 c - 67 arrows
 k - 18 sling bullets
Jewellery
 b - a ring of magical power (left tentacle)
 r - a ring of see invisible (right tentacle)
Wands
 q - a wand of iceblast (7)
Scrolls
 e - a scroll of amnesia {unknown}
 h - 2 scrolls of teleportation {unknown}
 m - a scroll of vulnerability {unknown}
 n - 2 scrolls of noise {unknown}
 o - a scroll of magic mapping {unknown}
Potions
 f - 2 potions of flight {unknown}
 g - a potion of curing {unknown}
 i - a potion of degeneration {unknown}
 j - 2 potions of haste {unknown}
 l - a potion of heal wounds {unknown}
 p - a potion of ambrosia {unknown}


   Skills:
 - Level 2.0 Fighting
 - Level 2.0 Dodging
 - Level 2.0 Stealth
 - Level 4.0 Unarmed Combat
 - Level 2.0 Spellcasting
 * Level 2.6 Transmutations
 - Level 2.0 Poison Magic


You had 3 spell levels left.
You knew the following spells:

 Your Spells              Type           Power      Damage    Failure   Level
a - Beastly Appendage     Tmut           18%        N/A       8%          1
p - Spider Form           Tmut/Pois      4%         N/A       26%         3

Your spell library contained the following spells:

 Spells                   Type           Power      Damage    Failure   Level
 Wereblood                Tmut           9%         N/A       12%         2
 Summon Small Mammal      Summ           4%         N/A       22%         1
 Call Canine Familiar     Summ           1%         N/A       54%         3
 Summon Guardian Golem    Hex/Summ       1%         N/A       54%         3
 Ice Form                 Ice/Tmut       5%         N/A       78%         4


Dungeon Overview and Level Annotations

Branches:
Dungeon (4/15)
 Temple: D:4-7

Altars:
Cheibriados
Dithmenos
Ru
Wu Jian
Xom

Annotations:
D:4 Edmund


Innate Abilities, Weirdness & Mutations

You cannot wear most types of armour.
You are amphibious.
You can wear up to eight rings at the same time.
Your skin changes colour to match your surroundings (Stealth+).
Your rubbery body absorbs attacks. (AC +1, EV +1)
((You are camouflaged near water. (Stealth+)))
You have tentacles for arms and can constrict up to eight enemies at once.


Message History

The ball python barely misses you. The ball python misses you.
You completely miss the ball python. Your grab misses the ball python.
The ball python closely misses you. The ball python barely misses you.
The ball python closely misses you. The ball python grabs you.
The ball python constricts you.
You closely miss the ball python. You grab the ball python.
You constrict the ball python. The ball python bites you.
The ball python constricts you.
You hit the ball python.
You kill the ball python!
You see here a ball python corpse.
Your tentacle spike disappears.
There is a shaft here.
Edmund the Younger comes into view.
He is wielding a +1 vorpal flail and wearing a +2 ring mail of cold resistance.
Casting: Beastly Appendage (safe; 8% risk of failure)
Confirm with . or Enter, or press ? or * to list all spells.
One of your tentacles grows a vicious spike.
Your transformation is almost over.
Casting: Beastly Appendage (safe; 8% risk of failure)
Confirm with . or Enter, or press ? or * to list all spells.
The spell is quite dangerous to cast (26% risk of failure)!
Continue anyway?
Your tentacle spike disappears.
You turn into a venomous arachnid creature.
Your +0 short sword melds into your body.
You bite Edmund!
Edmund is poisoned.
Edmund is lightly wounded.
Edmund hits you with a +1 vorpal flail.
You hit Edmund.
Edmund is moderately wounded.
Edmund hits you with a +1 vorpal flail.
You hit Edmund.
Edmund is heavily wounded.
Edmund asks, "Have you met my wondrous brother?"
Edmund hits you with a +1 vorpal flail!
* * * LOW HITPOINT WARNING * * *
x2 Your transformation is almost over.
Your transformation has ended.
Your +0 short sword unmelds from your body.
Edmund hits you with a +1 vorpal flail.
You die...

+.......# #.......#
#.......# ######
#.......# #....# #.##.#
#.##.# #.##.# #.##@#
#.##@# #.##.# ...#.#
....#.# ###..#.# ##.#.#
.#.#
###############.#######
#............##.†.....#


You could see Edmund (poisoned).

Vanquished Creatures
  4 adders
  A worm (D:2)
  An orc (D:2)
  An endoplasm (D:2)
  2 giant cockroaches
  4 goblins
  8 hobgoblins
  8 jackals (D:3)
  9 kobolds
  A quokka (D:2)
  10 ball pythons
  5 bats
  5 frilled lizards
  3 rats
62 creatures vanquished.

Notes
Turn   | Place    | Note
-------+----------+-------------------------------------------
     0 | D:1      | avis the Octopode Transmuter began the quest for the Orb.
     0 | D:1      | Reached XP level 1. HP: 13/13 MP: 3/3
    23 | D:1      | Reached skill level 1 in Stealth
   369 | D:1      | Reached XP level 2. HP: 18/18 MP: 5/5
  1184 | D:2      | Reached skill level 1 in Poison Magic
  1184 | D:2      | Reached XP level 3. HP: 10/24 MP: 6/6
  1781 | D:2      | Learned a level 3 spell: Spider Form
  2226 | D:3      | Reached XP level 4. HP: 29/29 MP: 7/7
  2476 | D:3      | Reached skill level 4 in Unarmed Combat
  2756 | D:3      | Found a shimmering altar of Xom.
  2756 | D:3      | Found a sacrificial altar of Ru.
  2782 | D:3      | Found a snail-covered altar of Cheibriados.
  2784 | D:3      | Found an ornate altar of the Wu Jian Council.
  2785 | D:3      | Found a shadowy altar of Dithmenos.
  3439 | D:4      | Noticed Edmund
  3460 | D:4      | Slain by Edmund

Illustrated notes

Levels and vault maps discovered:
D:1:      lightli_arrival_lavapool, layout_basic, minmay_misc_feat_encased,
          minmay_crystal_water
D:2:      layout_basic, kennysheep_generic_room_6
D:3:      layout_rooms, chequers_temple_overflow_minitemple,
          grunt_decor_mini_mirrors
D:4:      layout_basic, uniq_edmund, uniq_duvessa

Skill      XL: |  1  2  3  4 |
---------------+-------------+-----
Stealth        | 2 |  2.0
Fighting       | 2 |  2.0
Poison Magic   | 1 2 |  2.0
Unarmed Combat | 4 |  4.0
Dodging        | |  2.0
Spellcasting   | |  2.0
Transmutations | |  2.6

Action                   |  1- 3 |  4- 6 || total
-------------------------+-------+-------++-------
Melee: Unarmed           |    24 |    39 ||    63
       Constrict         |    16 |     6 ||    22
       Kick              |    10 |     4 ||    14
       Tentacles         |     4 |     1 ||     5
       Short sword       |    43 |    19 ||    62
 Cast: Beastly Appendage |    25 |    12 ||    37
       Spider Form       |     6 |     9 ||    15
 Stab: Sleeping          |     9 |     1 ||    10
Armor: Skin              |     2 |     5 ||     7
Dodge: Dodged            |    36 |    34 ||    70
